 Dungeon Crawl Stone Soup version 0.32-a0-814-g0968bab981 (webtiles) character file.

Game seed: 4102642241926777380

261 Aldia the Apothecary (level 6, -2/39 HPs)
             Began as an Octopode Alchemist on Mar 22, 2024.
             Splashed by a jelly's acid (6 damage)
             ... on level 4 of the Dungeon.
             The game lasted 00:04:08 (2849 turns).

Aldia the Apothecary (Octopode Alchemist)           Turns: 2849, Time: 00:04:09

Health: -2/39      AC: -3    Str:  8    XL:     6   Next: 18%
Magic:  3/10       EV: 12    Int: 19    God:
Gold:   211        SH:  0    Dex: 12    Spells: 5/11 levels left

rFire   . . .        g - +0 dagger
rCold   . . .        (no shield)
rNeg    . . .        (helmet restricted)
rPois   .            (no amulet)
rElec   .            (no ring)
rCorr   .            (no ring)
SInv    .            (no ring)
Will    .....        (no ring)
Stlth   +++          (no ring)
HPRegen 0.26/turn    (no ring)
MPRegen 0.12/turn    (no ring)
                     (no ring)

%: no passive effects
@: corroded
A: almost no armour, amphibious, 8 rings, camouflage 1, gelatinous body 1,
(nimble swimmer 1), tentacles
a: no special abilities


You were on level 4 of the Dungeon.
You visited 1 branch of the dungeon, and saw 4 of its levels.

You collected 211 gold pieces.

Inventory:

Hand Weapons
 b - a +0 short sword
 g - a +0 dagger (weapon)
Magical Staves
 l - a staff of conjuration
Scrolls
 e - a scroll of enchant armour {unknown}
 f - a scroll of blinking {unknown}
 i - a scroll of noise {unknown}
 j - a scroll of fear {unknown}
 m - a scroll of fog {unknown}
 n - a scroll of brand weapon {unknown}
 q - a scroll of revelation {unknown}
Potions
 a - a potion of magic
 d - 4 potions of curing
 h - a potion of invisibility {unknown}
 k - a potion of berserk rage {unknown}
 o - a potion of resistance {unknown}
 p - a potion of lignification {unknown}


   Skills:
 + Level 2.3 Fighting
 - Level 2.0 Dodging
 - Level 3.0 Stealth
 + Level 3.1 Spellcasting
 - Level 2.0 Conjurations
 - Level 2.0 Air Magic
 * Level 5.0 Alchemy


You had 5 spell levels left.
You knew the following spells:

 Your Spells              Type           Power      Damage    Failure   Level
a - Sting                 Conj/Alch      64%        1d7       3%          1
b - Mercury Vapours       Alch/Air       32%        N/A       5%          2
c - Mephitic Cloud        Conj/Alch/Air  14%        N/A       13%         3

Your spell library contained the following spells:

 Spells                   Type           Power      Damage    Failure   Level
 Olgreb's Toxic Radiance  Alch           22%        N/A       19%         4
 Sticky Flame             Fire/Alch      12%        2d5       47%         4
 Sculpt Simulacrum        Ice/Alch       6%         N/A       100%        6
 Ozocubu's Refrigeration  Ice            1%         4d7       100%        7
 Polar Vortex             Ice            1%         N/A       100%        9


Dungeon Overview and Level Annotations

Branches:
Dungeon (4/15)
 Temple: D:4-7

Altars:
Okawaru

Annotations:
D:1 2 runed translucent doors


Innate Abilities, Weirdness & Mutations

You cannot wear most types of armour.
You are amphibious.
You can wear up to eight rings at the same time.
Your skin changes colour to match your surroundings (Stealth+).
Your rubbery body absorbs attacks. (AC +1, EV +1)
((You are camouflaged when in or above water. (Stealth+)))
You have tentacles for arms and can constrict up to eight enemies at once.


Message History

The black bear is severely wounded.
You constrict the black bear. The black bear closely misses you.
The black bear barely misses you.
The black bear claws you but does no damage.
The jelly barely misses you.
Unknown command.
You hit the black bear. You squeeze the black bear.
You kill the black bear!
The jelly hits you.
* * * LOW HITPOINT WARNING * * *
The acid corrodes you!
You are splashed with acid!
* * * LOW HITPOINT WARNING * * *
Training target 2.0 for Air Magic reached!
Your Fighting skill increases to level 2!
Your Spellcasting skill increases to level 3!
Your Air Magic skill increases to level 2!
Your Alchemy skill increases to level 5!
You have reached level 6!
Okay, then.
You feel much better. The jelly misses you.
Unknown command.
Unknown command.
The sting hits the jelly.
The jelly partially resists.
The jelly is lightly wounded.
The orc hits you with a +0 club. The jelly hits you.
You are splashed with acid!
* * * LOW HITPOINT WARNING * * *
Unknown command.
Unknown command.
Casting: Sting (safe; 3% risk of failure)
Confirm with . or Enter, or press ? or * to list all spells.
Aiming: Sting (safe; 3% risk of failure)
Press: ? - help, Shift-Dir - straight line, f/p - jelly
Aim: a jelly (lightly wounded, 100% to hit)
The sting hits the jelly.
The jelly partially resists.
The jelly is poisoned.
The jelly is moderately wounded.
The jelly hits you.
* * * LOW HITPOINT WARNING * * *
You are splashed with acid.
You die...

#. #.. .... ..##
....##..###
..........#
..........#
..........
.....â—‹....#
......â—‹â—‹Jo.#
........â—‹.@!#
...........##
##..........##
.............#
#...........#
##..........##
##...#.......#
.#...##......##
..............###.#


You could see a jelly (poisoned) and an orc.

Vanquished Creatures
  A black bear (D:4)
  A bombardier beetle (D:3)
  A jelly (D:4)
  3 gnolls (D:3)
  2 adders (D:2)
  A ribbon worm (D:2)
  2 orcs
  6 bats
  6 endoplasms
  4 giant cockroaches
  5 hobgoblins
  6 quokkas
  4 frilled lizards
  5 goblins
  8 kobolds
  5 rats
60 creatures vanquished.

Notes
Turn   | Place    | Note
-------+----------+-------------------------------------------
     0 | D:1      | Aldia the Octopode Alchemist began the quest for the Orb.
     0 | D:1      | Reached XP level 1. HP: 11/11 MP: 3/3
   138 | D:1      | Found a large runed translucent door.
   138 | D:1      | Found a large runed translucent door.
   146 | D:1      | Reached XP level 2. HP: 17/17 MP: 0/5
   458 | D:1      | Learned a level 2 spell: Mercury Vapours
   776 | D:1      | Reached XP level 3. HP: 22/22 MP: 6/6
   780 | D:1      | Learned a level 3 spell: Mephitic Cloud
  1052 | D:2      | Reached skill level 4 in Alchemy
  1093 | D:2      | Reached skill level 1 in Fighting
  1500 | D:2      | Reached XP level 4. HP: 21/28 MP: 3/7
  1810 | D:3      | Reached skill level 1 in Air Magic
  2469 | D:3      | Found an iron altar of Okawaru.
  2475 | D:3      | Reached XP level 5. HP: 25/33 MP: 5/9
  2836 | D:4      | Noticed a black bear
  2846 | D:4      | Killed a black bear
  2846 | D:4      | HP: 1/34 [acid (8)]
  2847 | D:4      | Reached skill level 5 in Alchemy
  2847 | D:4      | Reached XP level 6. HP: 1/39 MP: 4/10
  2849 | D:4      | Splashed by a jelly's acid

Illustrated notes

Levels and vault maps discovered:
D:1:      erik_arrival_cave_to_civilisation [erik_arrival_cave_to_temple],
          layout_basic
D:2:      layout_rooms
D:3:      layout_loops_cross, okawaru_altar_gauntlet_db, grunt_ministairs_14
D:4:      layout_cave_pools, portal_sewer_entry_b, gammafunk_ghost_split,
          nicolae_ossuary_entry_ruins, kennysheep_generic_room_4

Skill      XL: |  1  2  3  4  5 |
---------------+----------------+-----
Stealth        | 3 |  3.0
Alchemy        | 4 5 |  5.0
Fighting       | 1 2 |  2.3
Air Magic      | 1 2 |  2.0
Conjurations   | 2 |  2.0
Spellcasting   | 3 |  3.1
Dodging        | |  2.0

Action                     |  1- 3 |  4- 6 || total
---------------------------+-------+-------++-------
  Melee: Short sword       |    19 |       ||    19
         Constrict         |    12 |    10 ||    22
         Tentacles         |     5 |     8 ||    13
         Dagger            |    23 |    34 ||    57
   Cast: Sting             |    29 |    25 ||    54
         Mephitic Cloud    |       |     2 ||     2
         Mercury Vapours   |       |     2 ||     2
    Use: Scroll            |       |     2 ||     2
         Potion            |       |     1 ||     1
   Stab: Sleeping          |     7 |     4 ||    11
 Armour: Skin              |    17 |    34 ||    51
  Dodge: Dodged            |    27 |    25 ||    52

Table legend: (Time is in decaauts)
 A = Elapsed time spent in this place.
 B = Non-inter-level travel time spent in this place.
 C = Inter-level travel time spent in this place.
 D = Time resting spent in this place.
 E = Time spent auto-exploring this place.
 F = Levels seen in this place.
 G = Mean time per level.
                   A        B        C        D        E       F      G
               +--------+--------+--------+--------+--------+-----+--------+
         Total |   2847 |   2759 |     88 |      0 |   2295 |   4 |  711.8 |
       Dungeon |   2847 |   2759 |     88 |      0 |   2295 |   4 |  711.8 |
               +--------+--------+--------+--------+--------+-----+--------+

Top non-repeatable levels by time:
     D:1: 1019 daAuts
     D:3: 929 daAuts
     D:2: 704 daAuts
     D:4: 193 daAuts
